AoeStats
← FrankieFunk

Fortress

508232497Analyzed
4v4 RM · 12d ago on Sep 21, 2026· 48m 38s· 8 players
Game mode
Random Map
Map size
Huge
Population
200
Speed
Normal
Resources
Standard
Victory
Conquest
Starting age
Dark Age
Ending age
Imperial Age
RankedLock teamsTeams togetherTeam positionsShared explorationLock speedFull tech treeHidden civsTurbo modeCheats
Victory
Defeat
🇨🇭 Vietnamese · Switzerland
757
+12
🇨🇭 Huns · Switzerland
721
+13
🇪🇸 Japanese · Spain
674
+15
🇺🇸 Chinese · United States
621
+17
🇪🇸 Byzantines · Spain
1000
-110
🇳🇱 Franks · Netherlands
594
-12
🇪🇸 Koreans · Spain
587
-12
🇺🇸 Dravidians · United States
423
-6
madnessss86
0:31 Loom
9:48 Feudal Age
11:23 Town Watch
18:25 Castle Age
20:08 Fletching
20:19 Padded Archer Armor
20:20 Scale Mail Armor
20:31 Forging
20:27 Scale Barding Armor
20:18 Double-Bit Axe
22:50 Bow Saw
23:42 Wheelbarrow
23:18 Horse Collar
23:52 Fortified Wall
23:25 Treadmill Crane
30:05 Imperial Age
30:41 Bodkin Arrow
31:21 Paper Money
31:19 Gold Mining
31:21 Stone Mining
32:07 Elite Rattan Archer
34:08 Thumb Ring
35:33 Chemistry
34:26 Heated Shot
35:16 Stone Shaft Mining
38:54 Leather Archer Armor
38:40 Bracer
40:07 Chatras
42:14 Bloodlines
42:05 Husbandry
41:26 Elite Battle Elephant
43:32 Ring Archer Armor
43:18 Chain Mail Armor
43:39 Iron Casting
43:25 Chain Barding Armor
43:55 Heavy Plow
Kenshin Brown
10:11 Feudal Age
10:16 Man-at-Arms
10:41 Arson
11:39 Horse Collar
16:50 Castle Age
18:33 Long Swordsman
21:55 Forging
21:47 Scale Mail Armor
21:39 Fletching
22:59 Wheelbarrow
22:54 Caravan
28:03 Double-Bit Axe
28:55 Bow Saw
29:09 Hand Cart
30:03 Heavy Plow
35:59 Imperial Age
35:55 Ballistics
37:13 Iron Casting
37:04 Chain Mail Armor
36:45 Bodkin Arrow
36:51 Heavy Rocket Cart
37:30 Two-Handed Swordsman
38:11 Squires
38:35 Conscription
40:30 Chemistry
41:00 Elite Chu Ko Nu
42:15 Rocketry
42:41 Bracer
43:42 Blast Furnace
43:13 Plate Mail Armor
44:22 Padded Archer Armor
44:36 Champion
47:25 Thumb Ring
48:38 Great Wall
Tinako89
0:35 Loom
2:03 Loom
3:17 Loom
4:11 Loom
9:06 Feudal Age
7:59 Loom
9:36 Double-Bit Axe
9:36 Horse Collar
10:46 Town Watch
11:39 Wheelbarrow
11:24 Man-at-Arms
11:50 Arson
11:58 Gold Mining
11:59 Stone Mining
12:05 Stone Mining
20:17 Castle Age
20:25 Crossbowman
21:12 Thumb Ring
20:29 Elite Skirmisher
22:00 Bow Saw
22:20 Squires
22:07 Gambesons
24:49 Town Patrol
25:15 Guard Tower
27:44 Yasama
30:11 Pikeman
35:33 Imperial Age
36:05 Halberdier
36:32 Capped Ram
38:30 Scale Mail Armor
38:40 Forging
40:09 Chain Mail Armor
41:34 Heavy Plow
42:43 Hand Cart
42:51 Conscription
45:02 Gold Shaft Mining
44:47 Caravan
45:18 Coinage
44:59 Long Swordsman
46:24 Murder Holes
47:34 Keep
46:46 Elite Samurai
48:35 Plate Mail Armor
48:40 Iron Casting
48:30 Kataparuto
MuchJaguar3116
0:42 Loom
11:58 Feudal Age
12:49 Double-Bit Axe
15:41 Horse Collar
15:57 Stone Mining
18:35 Castle Age
16:44 Gold Mining
20:28 Bow Saw
20:38 Fervor
22:37 Heavy Plow
25:58 Murder Holes
26:24 Ballistics
26:14 Masonry
30:19 Imperial Age
28:25 Wheelbarrow
27:40 Town Watch
28:34 Wheelbarrow
28:21 Caravan
28:28 Caravan
28:50 Scale Barding Armor
28:46 Scale Mail Armor
30:16 Gold Shaft Mining
29:58 Marauders
30:20 Chain Barding Armor
30:22 Elite Tarkan
32:36 Two-Man Saw
31:57 Padded Archer Armor
32:15 Bloodlines
32:16 Husbandry
33:18 Plate Barding Armor
34:37 Chemistry
34:47 Chain Mail Armor
34:44 Forging
34:25 Fletching
34:58 Leather Archer Armor
35:02 Hand Cart
35:02 Town Patrol
37:43 Atheism
37:44 Conscription
36:55 Sappers
38:03 Iron Casting
37:24 Bodkin Arrow
37:22 Pikeman
37:49 Arson
38:05 Squires
41:02 Cavalier
41:03 Light Cavalry
42:28 Elite Skirmisher
43:13 Thumb Ring
43:35 Parthian Tactics
44:17 Blast Furnace
43:17 Bracer
43:31 Paladin
43:32 Hussar
eberle.9
5:51 Feudal Age
7:08 Wheelbarrow
6:30 Double-Bit Axe
9:55 Arson
9:31 Man-at-Arms
11:30 Scale Mail Armor
13:23 Town Watch
14:10 Horse Collar
19:48 Castle Age
18:03 Gold Mining
21:58 Hand Cart
24:52 Crossbowman
25:38 Thumb Ring
35:46 Long Swordsman
36:12 Gambesons
38:21 Stone Mining
39:29 Caravan
43:12 Loom
FrankieFunk
6:25 Feudal Age
6:54 Double-Bit Axe
8:29 Gold Mining
8:37 Stone Mining
11:38 Horse Collar
17:35 Wheelbarrow
17:23 Loom
21:43 Castle Age
20:49 Forging
26:36 Imperial Age
23:54 Treadmill Crane
25:13 Husbandry
25:40 Hand Cart
26:05 Iron Casting
26:56 Scale Barding Armor
31:02 Cavalier
32:45 Bow Saw
33:16 Gold Shaft Mining
33:39 Conscription
34:14 Heavy Plow
35:07 Paladin
36:11 Sanctity
38:58 Chain Barding Armor
39:16 Fletching
ageatope
2:50 Loom
7:27 Feudal Age
8:06 Double-Bit Axe
14:29 Castle Age
16:18 Gold Mining
17:08 Wheelbarrow
18:05 Bow Saw
18:11 Husbandry
18:25 Forging
20:48 Town Watch
21:55 Iron Casting
26:14 Imperial Age
24:43 Pikeman
25:41 Scale Barding Armor
27:05 Sanctity
27:38 Squires
28:39 Cavalier
32:12 Caravan
32:26 Elite Skirmisher
35:11 Chain Barding Armor
34:42 Fletching
36:02 Halberdier
38:20 Chemistry
38:51 Arson
41:45 Paladin
Indekeik
1:51 Loom
9:03 Feudal Age
11:29 Arson
11:07 Man-at-Arms
13:17 Wheelbarrow
12:39 Double-Bit Axe
15:59 Town Watch
16:10 Gold Mining
16:19 Stone Mining
24:43 Castle Age
28:09 Crossbowman
28:54 Thumb Ring
29:39 Forging
29:34 Scale Barding Armor
29:34 Scale Mail Armor
29:38 Caravan
34:07 Gold Shaft Mining
34:12 Stone Shaft Mining
35:21 Pikeman
38:02 Squires
37:30 Elite Skirmisher
38:14 Husbandry
42:01 Iron Casting
41:43 Chain Mail Armor
41:18 Fletching
42:03 Horse Collar
42:38 Bow Saw
47:32 Imperial Age
46:27 Hand Cart
46:17 Town Patrol
47:28 Ballistics
Connection lost

Rejoining the realm…

Still unreachable

The connection could not be restored.

Session expired

The server has moved on; the page needs a fresh start.